AoeStats
← 曠曠曠曠曠曠工

Arena

510375106Analyzed
2v2 RM · 1d ago on Sep 30, 2026· 36m 49s· 4 players
Game mode
Random Map
Map size
Medium (4 player)
Population
200
Speed
Normal
Resources
Standard
Victory
Conquest
Starting age
Dark Age
Ending age
Imperial Age
RankedLock teamsTeams togetherTeam positionsShared explorationLock speedFull tech treeHidden civsTurbo modeCheats
Victory
Defeat
🇭🇰 Koreans · Hong Kong SAR China
1142
+14
🇬🇧 Wei · United Kingdom
1123
+16
🇨🇱 Maya · Chile
1103
-15
🇻🇪 Gurjaras · Venezuela
1102
-15
bryanrojasn
10:50 Feudal Age
12:44 Loom
15:18 Castle Age
13:16 Double-Bit Axe
13:41 Horse Collar
18:34 Heavy Plow
18:52 Bow Saw
18:53 Fletching
25:20 Bodkin Arrow
32:05 Heavy Plow
31:39 Pikeman
32:20 Squires
lumpuy1
1:40 Loom
11:05 Feudal Age
12:43 Town Watch
17:42 Castle Age
19:34 Double-Bit Axe
23:02 Town Patrol
24:30 Bow Saw
24:03 Horse Collar
25:01 Wheelbarrow
25:23 Heavy Plow
25:59 Light Cavalry
26:41 Husbandry
27:38 Bloodlines
29:06 Gold Mining
32:57 Imperial Age
30:19 Man-at-Arms
30:45 Arson
31:57 Hand Cart
31:23 Long Swordsman
34:02 Gold Shaft Mining
33:14 Two-Handed Swordsman
35:10 Forging
35:02 Scale Mail Armor
35:07 Scale Barding Armor
曠曠曠曠曠曠工
10:26 Feudal Age
10:39 Feudal Age
13:01 Double-Bit Axe
15:30 Castle Age
13:31 Horse Collar
17:22 Bow Saw
18:10 Loom
19:10 Gold Mining
19:12 Loom
20:14 Scale Barding Armor
21:56 Wheelbarrow
21:46 Heavy Plow
22:09 Loom
22:48 Bloodlines
23:35 Chain Barding Armor
23:29 Husbandry
24:08 Town Watch
24:52 Hand Cart
29:01 Squires
29:56 Stone Mining
29:43 Pikeman
31:03 Forging
33:53 Iron Casting
35:32 Treadmill Crane
38:52 Imperial Age
36:41 Tuntian
伐伐伐伐伐木工
11:00 Feudal Age
14:39 Castle Age
13:15 Horse Collar
13:29 Double-Bit Axe
13:52 Loom
13:54 Horse Collar
15:30 Bow Saw
17:19 Wheelbarrow
27:06 Hand Cart
26:34 Treadmill Crane
29:02 Ballistics
28:55 Forging
28:35 Fletching
33:30 Imperial Age
31:03 Town Watch
31:49 Bodkin Arrow
33:15 Masonry
35:00 Husbandry
35:06 Thumb Ring
35:27 Bracer
36:11 Conscription
36:23 Elite War Wagon
Connection lost

Rejoining the realm…

Still unreachable

The connection could not be restored.

Session expired

The server has moved on; the page needs a fresh start.